MLB
OAKLAND ATHLETICS @ CLEVELAND GUARDIANS
09/12/2048
 
TOP OF THE 1ST
Oakland Athletics batting - Pitching for Cleveland Guardians : RHP Ben Sedlacek
Pitching: RHP Ben Sedlacek
Batting: LHB R.J. O'Brien 0-0: Ball
1-0: Foul Ball, location: 2F
1-1: Called Strike
1-2: Foul Ball, location: 2F
1-2: Ball
2-2: Foul Ball, location: 2F
2-2: Ball
3-2: Base on Balls
Batting: LHB Tom Butterbaugh 0-0: Ball
1-0: Ball
2-0: Ball
3-0: Base on Balls
R.J. O'Brien to second
Batting: RHB Muneo Kawachi 0-0: Called Strike
0-1: Swinging Strike
0-2: Ball
1-2: Strikes out swinging
Batting: LHB Sakae Kasahara 0-0: Foul Ball, location: 2F
0-1: Called Strike
0-2: Ball
1-2: Ball
2-2: Strikes out swinging
Batting: RHB Jason May 0-0: Ball
1-0: Ball
2-0: Ball
3-0: Base on Balls
R.J. O'Brien to third
Tom Butterbaugh to second
Batting: SHB Quincy Bradford 0-0: Called Strike
0-1: Ball
1-1: Fly out, F7 (Flyball, 78S, EV 90.0 MPH)
Top of the 1st over - 0 runs, 0 hits, 0 errors, 3 left on base; Oakland 0 - Cleveland 0
BOTTOM OF THE 1ST
Cleveland Guardians batting - Pitching for Oakland Athletics : RHP Franklin Rojas
Pitching: RHP Franklin Rojas
Batting: LHB Arvin Dungca 0-0: Hit by Pitch
Batting: LHB Hector Pedroso 0-0: Ball
1-0: Ball
2-0: Foul Ball, location: 2F
2-1: Ball
3-1: Foul Ball, location: 2F
3-2: Ground out 4-3 (Groundball, 4S, EV 70.0 MPH)
Arvin Dungca to second
Batting: RHB Nick Ogle 0-0: Called Strike
0-1: Foul Ball, location: 2F
0-2: Strikes out swinging
Batting: LHB Danny Dunham 0-0: Called Strike
0-1: Foul Ball, location: 2F
0-2: Ball
1-2: Foul Ball, location: 2F
1-2: Fly out, F8 (Line Drive, 78M, EV 97.5 MPH)
Bottom of the 1st over - 0 runs, 0 hits, 0 errors, 1 left on base; Oakland 0 - Cleveland 0
TOP OF THE 2ND
Oakland Athletics batting - Pitching for Cleveland Guardians : RHP Ben Sedlacek
Batting: RHB Tommy Baird 0-0: Called Strike
0-1: Ball
1-1: Foul Ball, location: 2F
1-2: Strikes out swinging
Batting: SHB Ryan Langlois 0-0: Ball
1-0: Called Strike
1-1: Fly out, F8 (Flyball, 8LS, EV 89.4 MPH)
Batting: RHB Garry Hash 0-0: Foul Ball, location: 2F
0-1: Ball
1-1: Swinging Strike
1-2: Strikes out swinging
Top of the 2nd over - 0 runs, 0 hits, 0 errors, 0 left on base; Oakland 0 - Cleveland 0
BOTTOM OF THE 2ND
Cleveland Guardians batting - Pitching for Oakland Athletics : RHP Franklin Rojas
Batting: RHB Christian Blue 0-0: Foul Ball, location: 2F
0-1: Fly out, F7 (Flyball, 7, EV 86.2 MPH)
Batting: RHB Jasper Burd 0-0: Called Strike
0-1: Ground out 6-3 (Groundball, 56, EV 84.4 MPH)
Batting: LHB Jack Bell 0-0: Called Strike
0-1: Ball
1-1: Foul Ball, location: 2F
1-2: DOUBLE (Line Drive, 9LS, EV 109.4 MPH)
Batting: RHB Nick Sharp 0-0: Called Strike
0-1: Ball
1-1: Swinging Strike
1-2: Strikes out swinging
Bottom of the 2nd over - 0 runs, 1 hit, 0 errors, 1 left on base; Oakland 0 - Cleveland 0
TOP OF THE 3RD
Oakland Athletics batting - Pitching for Cleveland Guardians : RHP Ben Sedlacek
Batting: LHB R.J. O'Brien 0-0: Called Strike
0-1: Ball
1-1: Ball
2-1: Swinging Strike
2-2: Fly out, F9 (Line Drive, 9S, EV 97.5 MPH)
Batting: LHB Tom Butterbaugh 0-0: Called Strike
0-1: Ball
1-1: Hit by Pitch
Batting: RHB Muneo Kawachi 0-0: Called Strike
0-1: Ball
1-1: Foul Ball, location: 2F
1-2: Ball
2-2: Strikes out swinging
Batting: LHB Sakae Kasahara 0-0: Ball
1-0: 2-RUN HOME RUN (Flyball, 9LD, EV 98.8 MPH), Distance : 381 ft
Batting: RHB Jason May 0-0: Ball
1-0: Foul Ball, location: 2F
1-1: Foul Ball, location: 2F
1-2: Strikes out swinging
Top of the 3rd over - 2 runs, 1 hit, 0 errors, 0 left on base; Oakland 2 - Cleveland 0
BOTTOM OF THE 3RD
Cleveland Guardians batting - Pitching for Oakland Athletics : RHP Franklin Rojas
Batting: RHB Aaron Matthews 0-0: Ground out 5-3 (Groundball, 56, EV 83.1 MPH)
Batting: LHB Arvin Dungca 0-0: Ball
1-0: Called Strike
1-1: Ground out 4-3 (Groundball, 4D, EV 78.8 MPH)
Batting: LHB Hector Pedroso 0-0: Ball
1-0: Fly out, F9 (Line Drive, 9S, EV 100.0 MPH)
Bottom of the 3rd over - 0 runs, 0 hits, 0 errors, 0 left on base; Oakland 2 - Cleveland 0
TOP OF THE 4TH
Oakland Athletics batting - Pitching for Cleveland Guardians : RHP Ben Sedlacek
Batting: SHB Quincy Bradford 0-0: Ball
1-0: Ground out 4-3 (Groundball, 4, EV 81.9 MPH)
Batting: RHB Tommy Baird 0-0: Fly out, F4 (Popup, 4S, EV 78.8 MPH)
Batting: SHB Ryan Langlois 0-0: Called Strike
0-1: Foul Ball, location: 2F
0-2: SINGLE (Groundball, 56S, EV 65.0 MPH) (infield hit)
Batting: RHB Garry Hash 0-0: Called Strike
0-1: Fly out, F4 (Line Drive, 4, EV 76.9 MPH)
Top of the 4th over - 0 runs, 1 hit, 0 errors, 1 left on base; Oakland 2 - Cleveland 0
BOTTOM OF THE 4TH
Cleveland Guardians batting - Pitching for Oakland Athletics : RHP Franklin Rojas
Batting: RHB Nick Ogle 0-0: Ball
1-0: Ball
2-0: Fly out, F9 (Flyball, 9, EV 95.6 MPH)
Batting: LHB Danny Dunham 0-0: Ball
1-0: Called Strike
1-1: Foul Ball, location: 2F
1-2: DOUBLE (Line Drive, 78M, EV 109.4 MPH)
Batting: RHB Christian Blue 0-0: Called Strike
0-1: Swinging Strike
0-2: Ball
1-2: Strikes out looking
Batting: RHB Jasper Burd 0-0: Called Strike
0-1: Ball
1-1: Foul Ball, location: 2F
1-2: Foul Ball, location: 2F
1-2: SINGLE (Line Drive, 9S, EV 102.5 MPH)
Danny Dunham to third
Runner from 3rd tries for Home, SAFE, throw by RF to home
Batting: LHB Jack Bell 0-0: Called Strike
0-1: Ball
1-1: Ball
2-1: Fly out, F8 (Flyball, 8LM, EV 96.9 MPH)
Bottom of the 4th over - 1 run, 2 hits, 0 errors, 1 left on base; Oakland 2 - Cleveland 1
TOP OF THE 5TH
Oakland Athletics batting - Pitching for Cleveland Guardians : RHP Ben Sedlacek
Batting: LHB R.J. O'Brien 0-0: Called Strike
0-1: Ball
1-1: Called Strike
1-2: Ground out 2-3 (Groundball, 15S, EV 63.1 MPH)
Batting: LHB Tom Butterbaugh 0-0: Ball
1-0: Swinging Strike
1-1: Foul Ball, location: 2F
1-2: Ball
2-2: Fly out, F8 (Flyball, 89S, EV 86.9 MPH)
Batting: RHB Muneo Kawachi 0-0: Ball
1-0: Ball
2-0: Ball
3-0: Ground out 6-3 (Groundball, 6, EV 105.6 MPH)
Top of the 5th over - 0 runs, 0 hits, 0 errors, 0 left on base; Oakland 2 - Cleveland 1
BOTTOM OF THE 5TH
Cleveland Guardians batting - Pitching for Oakland Athletics : RHP Franklin Rojas
Batting: RHB Nick Sharp 0-0: Called Strike
0-1: Ball
1-1: Foul Ball, location: 2F
1-2: SINGLE (Line Drive, 34D, EV 103.8 MPH)
Batting: RHB Aaron Matthews 0-0: Called Strike
0-1: Called Strike
0-2: Strikes out swinging
Batting: LHB Arvin Dungca 0-0: Called Strike
0-1: Hit by Pitch
Nick Sharp to second
Batting: LHB Hector Pedroso 0-0: Ball
1-0: Foul Ball, location: 2F
1-1: Ball
2-1: SINGLE (Line Drive, 6M, EV 95.6 MPH)
Nick Sharp to third
Arvin Dungca to second
Runner from 3rd tries for Home, SAFE, throw by CF to home
Batting: RHB Nick Ogle 0-0: Ball
1-0: Foul Ball, location: 2F
1-1: Foul Ball, location: 2F
1-2: SINGLE (Line Drive, 7S, EV 106.9 MPH)
Arvin Dungca to third
Hector Pedroso to second
Batting: LHB Danny Dunham 0-0: Called Strike
0-1: Ball
1-1: Ball
2-1: Grounds out, U3 (Groundball, 3L, EV 83.1 MPH)
Arvin Dungca scores
Hector Pedroso to third
Batting: RHB Christian Blue 0-0: Foul Ball, location: 2F
0-1: SINGLE (Groundball, 25, EV 71.2 MPH) (infield hit)
Hector Pedroso scores
Nick Ogle to third
Batting: RHB Jasper Burd 0-0: Ball
1-0: Called Strike
1-1: Ball
2-1: Ball
3-1: Fly out, F8 (Flyball, 78S, EV 87.5 MPH)
Bottom of the 5th over - 3 runs, 4 hits, 0 errors, 2 left on base; Oakland 2 - Cleveland 4
TOP OF THE 6TH
Oakland Athletics batting - Pitching for Cleveland Guardians : RHP Ben Sedlacek
Batting: LHB Sakae Kasahara 0-0: Reached on error, E1 (Groundball, 13S, EV 66.9 MPH)
Batting: RHB Jason May 0-0: Ball
1-0: Foul Ball, location: 2F
1-1: Ball
2-1: Foul Ball, location: 2F
2-2: Foul Ball, location: 2F
2-2: Ball
3-2: SINGLE (Groundball, 34D, EV 105.0 MPH) (infield hit)
Sakae Kasahara to second
Batting: SHB Quincy Bradford 0-0: Ground out 4-3 (Groundball, 4S, EV 71.9 MPH)
Sakae Kasahara to third
Jason May to second
Batting: RHB Tommy Baird 0-0: Called Strike
0-1: Swinging Strike
0-2: Strikes out looking
Batting: SHB Ryan Langlois 0-0: Ball
1-0: Called Strike
1-1: Ball
2-1: Ball
3-1: Base on Balls
Batting: RHB Garry Hash 0-0: Ball
1-0: Called Strike
1-1: Ground out 4-3 (Groundball, 4, EV 78.1 MPH)
Top of the 6th over - 0 runs, 1 hit, 1 error, 3 left on base; Oakland 2 - Cleveland 4
BOTTOM OF THE 6TH
Cleveland Guardians batting - Pitching for Oakland Athletics : RHP Franklin Rojas
Batting: LHB Jack Bell 0-0: SINGLE (Line Drive, 7S, EV 104.4 MPH)
Batting: RHB Nick Sharp 0-0: Foul Ball, location: 2F
0-1: Foul Ball, location: 2F
0-2: Foul Ball, location: 2F
0-2: Foul Ball, location: 2F
0-2: Foul Ball, location: 2F
0-2: Ball
1-2: Ground out 5-3 (Groundball, 56S, EV 68.8 MPH)
Jack Bell to second
Batting: RHB Aaron Matthews 0-0: Ball
1-0: Foul Ball, location: 2F
1-1: Called Strike
1-2: Foul Ball, location: 2F
1-2: SINGLE (Groundball, 6MD, EV 105.0 MPH)
Jack Bell to third
Throwing error, E8
Jack Bell scores
Aaron Matthews to second
Pitching: RHP Joe Bradford
Batting: LHB Arvin Dungca 0-0: Foul Ball, location: 2F
0-1: Ball
1-1: Called Strike
1-2: Foul Ball, location: 2F
1-2: Strikes out swinging
Batting: LHB Hector Pedroso 0-0: Called Strike
0-1: DOUBLE (Line Drive, 3D, EV 97.5 MPH)
Aaron Matthews scores
Batting: RHB Nick Ogle 0-0: Ball
1-0: Foul Ball, location: 2F
1-1: Ball
2-1: Fly out, F9 (Flyball, 9LM, EV 88.1 MPH)
Bottom of the 6th over - 2 runs, 3 hits, 1 error, 1 left on base; Oakland 2 - Cleveland 6
TOP OF THE 7TH
Oakland Athletics batting - Pitching for Cleveland Guardians : RHP Ben Sedlacek
Now in LF: Rick O'Reilly
Batting: LHB R.J. O'Brien 0-0: Ball
1-0: Ball
2-0: Ball
3-0: Called Strike
3-1: Base on Balls
Pitching: RHP Matt Zambon
Now in LF: John Harring
Now in RF: Rick O'Reilly
Batting: LHB Tom Butterbaugh 0-0: Swinging Strike
0-1: Foul Ball, location: 2F
0-2: Ball
1-2: Foul Ball, location: 2F
1-2: Ball
2-2: Strikes out looking
Batting: RHB Muneo Kawachi 0-0: Fly out, F8 (Flyball, 8RM, EV 91.2 MPH)
Batting: LHB Sakae Kasahara 0-0: Fly out, F8 (Flyball, 78M, EV 91.9 MPH)
Top of the 7th over - 0 runs, 0 hits, 0 errors, 1 left on base; Oakland 2 - Cleveland 6
BOTTOM OF THE 7TH
Cleveland Guardians batting - Pitching for Oakland Athletics : RHP Joe Bradford
Batting: LHB Danny Dunham 0-0: DOUBLE (Groundball, 5L, EV 98.8 MPH)
Batting: RHB Christian Blue 0-0: Ball
1-0: Called Strike
1-1: Foul Ball, location: 2F
1-2: Foul Ball, location: 2F
1-2: Strikes out swinging
Batting: RHB Jasper Burd 0-0: Called Strike
0-1: Called Strike
0-2: Strikes out looking
Batting: LHB Jack Bell 0-0: Fly out, F7 (Flyball, 7, EV 86.2 MPH)
Bottom of the 7th over - 0 runs, 1 hit, 0 errors, 1 left on base; Oakland 2 - Cleveland 6
TOP OF THE 8TH
Oakland Athletics batting - Pitching for Cleveland Guardians : RHP Matt Zambon
Batting: RHB Jason May 0-0: Foul Ball, location: 2F
0-1: SOLO HOME RUN (Flyball, 9D, EV 96.2 MPH), Distance : 378 ft
Batting: SHB Quincy Bradford 0-0: Ground out 1-3 (Groundball, P, EV 63.1 MPH)
Batting: RHB Tommy Baird 0-0: Ball
1-0: Ball
2-0: Ball
3-0: Base on Balls
Batting: SHB Ryan Langlois 0-0: Swinging Strike
0-1: Called Strike
0-2: Foul Ball, location: 2F
0-2: Strikes out swinging
Batting: RHB Garry Hash 0-0: Ground out 6-3 (Groundball, 56, EV 101.2 MPH)
Top of the 8th over - 1 run, 1 hit, 0 errors, 1 left on base; Oakland 3 - Cleveland 6
BOTTOM OF THE 8TH
Cleveland Guardians batting - Pitching for Oakland Athletics : RHP Joe Bradford
Batting: RHB Nick Sharp 0-0: Called Strike
0-1: DOUBLE (Line Drive, 78D, EV 101.2 MPH)
Batting: RHB Aaron Matthews 0-0: Ball
1-0: SINGLE (Groundball, 56, EV 103.8 MPH) (infield hit)
Nick Sharp to third
Batting: LHB Arvin Dungca 0-0: Ball
Aaron Matthews is caught stealing 2nd base 2-6
1-0: DOUBLE (Flyball, 8RXD, EV 93.8 MPH)
Nick Sharp scores
Batting: RHB Rick O'Reilly 0-0: Ball
1-0: Ball
2-0: Foul Ball, location: 2F
2-1: Foul Ball, location: 2F
2-2: Ground out 6-3 (Groundball, 6, EV 106.2 MPH)
Batting: LHB John Harring 0-0: Called Strike
0-1: Ball
1-1: Called Strike
1-2: Ball
2-2: Foul Ball, location: 2F
2-2: Ball
3-2: DOUBLE (Line Drive, 3D, EV 98.1 MPH)
Arvin Dungca scores
Pitching: LHP David James
Batting: LHB Danny Dunham 0-0: Swinging Strike
0-1: Ball
1-1: Swinging Strike
1-2: Fly out, F8 (Flyball, 8RD, EV 100.6 MPH)
Bottom of the 8th over - 2 runs, 4 hits, 0 errors, 1 left on base; Oakland 3 - Cleveland 8
TOP OF THE 9TH
Oakland Athletics batting - Pitching for Cleveland Guardians : RHP Matt Zambon
Batting: LHB R.J. O'Brien 0-0: Called Strike
0-1: SINGLE (Groundball, 56S, EV 63.8 MPH) (infield hit)
Batting: LHB Tom Butterbaugh 0-0: Ball
1-0: Called Strike
1-1: Called Strike
1-2: Grounds into double play, 5-4-3 (Groundball, 5, EV 103.1 MPH)
Batting: RHB Muneo Kawachi 0-0: Called Strike
0-1: Called Strike
0-2: Foul Ball, location: 2F
0-2: Strikes out swinging
Top of the 9th over - 0 runs, 1 hit, 0 errors, 0 left on base; Oakland 3 - Cleveland 8
Tuesday, March 28th , 2023 - OOTP Baseball 23.10 Build 110